 Dungeon Crawl Stone Soup version 0.31-a0-978-g1e143483b6 (webtiles) character file.

Game seed: 10137542517909898956

5803 sammy202020 the Ruffian (level 10, -2/98 HPs)
             Began as a Troll Shapeshifter on Oct 30, 2023.
             Was a High Priest of Okawaru.
             Slain by a killer bee (6 damage)
             ... on level 9 of the Dungeon.
             The game lasted 00:16:24 (6703 turns).

sammy202020 the Ruffian (Troll Shapeshifter)        Turns: 6703, Time: 00:16:24

Health: -2/98      AC:  6    Str: 24    XL:     10   Next: 50%
Magic:  9/9        EV: 16    Int: 10    God:    Okawaru [*****.]
Gold:   338        SH:  5    Dex:  9    Spells: 9/9 levels left

rFire   . .          .
                       - Unarmed
rCold   . . .        (no shield)
rNeg    . . .        a - +2 animal skin
rPois   .            (helmet currently unavailable)
rElec   .            (cloak currently unavailable)
rCorr   +            (gloves unavailable)
SInv    .            (boots unavailable)
Will    .....        u - amulet of reflection
Stlth   +            l - ring of resist corrosion
HPRegen 1.16/turn    p - +5 ring of evasion
MPRegen 0.11/turn

%: reflection
@: beast-form
A: beast (slay +4), large, unfitting armour, claws 3, regeneration 1, shaggy fur
1, tough skin 1, horns 1
a: Begin Untransformation, Renounce Religion, Heroism, Finesse, Duel


You were on level 9 of the Dungeon.
You worshipped Okawaru.
Okawaru was extremely pleased with you.
You were a hulking beast.
You visited 1 branch of the dungeon, and saw 9 of its levels.
You also visited: Ossuary.

You collected 638 gold pieces.
You spent 300 gold pieces at shops.

Inventory:

Hand Weapons
 x - a +1 dire flail
Missiles
 h - 2 throwing nets (quivered)
Armour
 a - a +2 animal skin (worn)
Jewellery
 g - a ring of ice
 l - a ring of resist corrosion (left claw)
 o - a +6 ring of intelligence
 p - a +5 ring of evasion (right claw)
 u - an amulet of reflection (around neck)
 w - a ring of flight
Talismans
 c - a beast talisman (active)
 d - a flux talisman
 y - a serpent talisman
Wands
 k - a wand of polymorph (16)
 q - a wand of iceblast (31)
 C - a wand of flame (27)
Scrolls
 e - 2 scrolls of fear
 j - 2 scrolls of immolation
 m - 2 scrolls of poison
 n - a scroll of blinking
 A - 3 scrolls of teleportation
 D - 2 scrolls of enchant armour
 E - 4 scrolls of revelation
 F - a scroll of amnesia
Potions
 b - 2 potions of lignification
 f - 2 potions of cancellation
 r - 2 potions of attraction
 s - a potion of mutation
 t - a potion of enlightenment
 v - 2 potions of curing
 z - 2 potions of magic
 B - 3 potions of invisibility
 G - 2 potions of ambrosia
 H - a potion of might
 J - a potion of haste


   Skills:
 * Level 5.7 Fighting
 + Level 3.8 Maces & Flails
 * Level 5.1 Armour
 * Level 5.9 Dodging
 * Level 7.6 Unarmed Combat
 * Level 7.0 Shapeshifting


You had 9 spell levels left.
You didn't know any spells.
Your spell library contained the following spells:

 Spells                   Type           Power      Damage    Failure   Level
 Apportation              Tloc           0%         N/A       36%         1
 Freeze                   Ice            0%         1d3       36%         1
 Necrotise                Necr           0%         1d4       36%         1
 Jinxbite                 Hex            0%         N/A       50%         2
 Frozen Ramparts          Ice            0%         1d1       75%         3
 Hailstorm                Conj/Ice       0%         3d3       75%         3
 Inner Flame              Hex/Fire       0%         N/A       75%         3
 Volatile Blastmotes      Fire/Tloc      0%         2d10      75%         3
 Flame Wave               Conj/Fire      0%         2d4       98%         4
 Fulminant Prism          Conj/Hex       0%         3d5       98%         4
 Iskenderun's Mystic Bla  Conj/Tloc      0%         2d3       98%         4
 Sticky Flame             Conj/Fire      0%         2d3       98%         4
 Alistair's Intoxication  Tmut/Pois      0%         N/A       100%        5
 Iskenderun's Battlesphe  Conj           0%         2d6       100%        5
 Bombard                  Conj/Erth      0%         9d1       100%        6
 Summon Small Mammal      Summ           Unusable   N/A       N/A         1
 Spellforged Servitor     Conj/Summ      Unusable   N/A       N/A         7

Dungeon Overview and Level Annotations

Branches:
Dungeon (9/15)             Temple (0/1) D:6         Ossuary (visited)
   Lair: D:8-11         Orc: D:9-12

Altars:
Dithmenos
Fedhas
Okawaru
Ru
Sif Muna
Uskayaw
Wu Jian
The Shining One

Shops:
D:4 =


Innate Abilities, Weirdness & Mutations

You are a hulking beast.
Your limbs bulge with bestial killing power. (Slay +4)
You are too large for most types of armour.
You have claws for hands.
Your natural rate of healing is unusually fast.
You are covered in fur. (AC +1)
You have tough skin. (AC +1)
You have a pair of small horns on your head.


Message History

You scratch the killer bee. Your headbutt misses the killer bee.
The killer bee is severely wounded.
You feel very sick. The killer bee misses you.
You block the killer bee's attack. The killer bee barely misses you.
The killer bee closely misses you.
The killer bee stings you but does no damage.
The killer bee stings you!
* * * LOW HITPOINT WARNING * * *
You completely miss the killer bee. Your headbutt misses the killer bee.
You feel very sick. The killer bee stings you.
* * * LOW HITPOINT WARNING * * *
The killer bee barely misses you. x2
You barely miss the killer bee.
You feel very sick.
The killer bee stings you but does no damage.
The killer bee closely misses you. You block the killer bee's attack.
The killer bee stings you but does no damage.
The killer bee barely misses you. You block the killer bee's attack.
You closely miss the killer bee.
You feel sick. The killer bee barely misses you. x2
The killer bee stings you but does no damage.
The killer bee misses you. The killer bee closely misses you. x2
You miss the killer bee.
You feel sick. The killer bee misses you. x2
You block the killer bee's attack. The killer bee completely misses you.
The killer bee closely misses you.
The killer bee stings you but does no damage.
Unknown command.
You barely miss the killer bee.
You claw the killer bee, but do no damage.
You feel sick. You block the killer bee's attack. The killer bee misses you.
The killer bee stings you!
* * * LOW HITPOINT WARNING * * *
You are lethally poisoned!
The killer bee poisons you!
You feel better. The killer bee stings you.
* * * LOW HITPOINT WARNING * * *
You block the killer bee's attack. The killer bee closely misses you. x2
The killer bee stings you.
You die...

#........# #........#
#........+ #..#.....#
###+###..#.....####+#
.....................
..............y......
.............h)...#
.........####yy...#
.......<.# #.....#
.........# #.....#
.........# #.......
.....#.... .........
........... .........
#####################


You could see 3 killer bees.

Vanquished Creatures
  The ghost of hattop the Trooper, a novice DsFi of Gozag (D:7)
  An ugly thing (D:8)
  Joseph (D:7)
  4 yaks (D:8)
  Grum (D:8)
  2 orc warriors
  4 ice beasts
  2 sky beasts
  2 ogres
  2 wolves (D:8)
  3 centaurs
  A kobold brigand (D:7)
  4 bullfrogs
  5 scorpions
  A gnoll sergeant (D:7)
  8 wights
  5 killer bees
  3 centaur zombies (Ossuary)
  A human zombie (Ossuary)
  8 hounds
  2 jellies
  5 orc priests
  A sleepcap (D:6)
  2 iguanas
  7 orc wizards
  5 scorpion zombies (Ossuary)
  3 mummies (Ossuary)
  6 gnolls
  13 adders
  A shadow imp (D:8)
  A white imp (D:6)
  A worm zombie (D:8)
  4 worms
  34 orcs
  10 endoplasms
  5 giant cockroaches
  3 gnoll zombies (Ossuary)
  6 goblins
  8 hobgoblins
  8 jackals (D:5)
  4 quokkas
  21 ball pythons
  7 bats
  4 frilled lizards
  6 goblin zombies (Ossuary)
  3 hobgoblin zombies (Ossuary)
  9 kobolds
  2 orc zombies (Ossuary)
  4 rats
244 creatures vanquished.

Notes
Turn   | Place    | Note
-------+----------+-------------------------------------------
     0 | D:1      | sammy202020 the Troll Shapeshifter began the quest for the
                  | Orb.
     0 | D:1      | Reached XP level 1. HP: 18/18 MP: 0/0
   134 | D:1      | Reached skill level 1 in Fighting
   158 | D:1      | Reached XP level 2. HP: 27/27 MP: 1/1
   160 | D:1      | Found a faded altar of an unknown god.
   246 | D:1      | Prayed at the altar of an unknown god.
   246 | D:1      | Became a worshipper of Warmaster Okawaru
   246 | D:1      | Reached * piety under Okawaru
   540 | D:2      | Reached XP level 3. HP: 33/33 MP: 2/2
  1003 | D:3      | Found an ornate altar of the Wu Jian Council.
  1010 | D:3      | Reached XP level 4. HP: 29/42 MP: 3/3
  1213 | D:3      | Found a hide-covered altar of Uskayaw.
  1432 | D:3      | Reached XP level 5. HP: 49/49 MP: 4/4
  1597 | D:3      | Found a shadowy altar of Dithmenos.
  1855 | D:4      | Found a blossoming altar of Fedhas.
  1914 | D:4      | Noticed a sky beast
  1918 | D:4      | Reached ** piety under Okawaru
  1931 | D:4      | Killed a sky beast
  1932 | D:4      | Reached skill level 1 in Armour
  1932 | D:4      | Reached XP level 6. HP: 16/59 MP: 5/5
  2057 | D:4      | Gained mutation: You have a pair of small horns on your
                  | head. [potion of mutation]
  2113 | D:4      | Reached XP level 7. HP: 39/66 MP: 6/6
  2186 | D:4      | Found a glowing golden altar of the Shining One.
  2564 | D:4      | Found Kaus's Jewellery Shop.
  2729 | D:4      | Found an iron altar of Okawaru.
  2915 | D:4      | Bought an amulet of reflection for 300 gold pieces
  2949 | D:5      | Entered Level 5 of the Dungeon
  2954 | D:5      | Reached skill level 1 in Maces & Flails
  2974 | D:5      | Reached skill level 5 in Unarmed Combat
  3047 | D:5      | Reached *** piety under Okawaru
  3126 | D:5      | Reached XP level 8. HP: 62/75 MP: 7/7
  3576 | D:6      | Reached skill level 5 in Shapeshifting
  3697 | D:6      | Found a staircase to the Ecumenical Temple.
  3708 | D:6      | Reached **** piety under Okawaru
  3855 | D:7      | Identified the "Uwawo"
  3855 | D:7      | Identified the "Urenie"
  3855 | D:7      | Identified the "Juydiklu"
  4058 | D:7      | Found a shimmering blue altar of Sif Muna.
  4075 | D:7      | Found a runed translucent door.
  4075 | D:7      | Noticed hattop's ghost (novice DsFi)
  4163 | D:7      | Noticed Joseph
  4173 | D:7      | Killed Joseph
  4174 | D:7      | Reached XP level 9. HP: 8/85 MP: 5/8
  4967 | D:7      | Killed hattop's ghost
  4967 | D:7      | Reached ***** piety under Okawaru
  4968 | D:7      | Reached skill level 5 in Dodging
  5504 | D:8      | Noticed Grum
  5524 | D:8      | Killed Grum
  5525 | D:8      | Reached skill level 5 in Fighting
  5628 | D:8      | HP: 4/88 [yak (13)]
  5637 | D:8      | Found a sacrificial altar of Ru.
  5665 | D:8      | Reached XP level 10. HP: 13/96 MP: 9/9
  5879 | D:8      | Received a gift from Okawaru
  5984 | D:8      | Found a sand-covered staircase.
  5990 | D:8      | Noticed a cyan ugly thing
  5993 | Ossuary  | Entered an ossuary
  6169 | Ossuary  | Reached skill level 5 in Armour
  6318 | D:8      | HP: 2/96 [cyan ugly thing (13)]
  6325 | D:8      | Killed a cyan ugly thing
  6702 | D:9      | HP: 2/98 [killer bee (7)]
  6703 | D:9      | Slain by a killer bee

Illustrated notes

Levels and vault maps discovered:
D:1:      eino_arrival_cavern_d, layout_basic,
          shapermc_ecumenical_altar_acropolis
D:2:      layout_rooms, minmay_tripent
D:3:      layout_loops_ring, mainiacjoe_overflow_alcove_1,
          mainiacjoe_overflow_six_doors_small, nicolae_uskayaw_suspiria,
          minmay_snake_closets
D:4:      layout_gridville, okawaru_altar_gauntlet_db, tso_altar,
          amcnicky_altar_gilded, minmay_shop_enchanted_jewellery, minmay_between
D:5:      layout_rooms
D:6:      minmay_inner_zag, layout_cave_pools, marbit_many_paths,
          minmay_temple_entry_proselytizer, hex_medium
D:7:      layout_basic, nicolae_sif_muna_little_library,
          hellmonk_ghost_happy_afterlife, minmay_misc_feat_roman, uniq_joseph
D:8:      layout_cave_pools, nicolae_ru_great_annihilating_truth,
          enter_ossuary_3, uniq_grum
D:9:      kennysheep_blocky_hall, layout_stronghold, cheibriados_altar_1,
          minmay_alternating_orb, uniq_harold, uniq_jeremiah, uniq_pikel

Skill      XL: |  1  2  3  4  5  6  7  8  9 10 |
---------------+-------------------------------+-----
Fighting       | 1 2 3 4 5 |  5.7
Dodging        | 2 3 4 5 |  5.9
Unarmed Combat | 4 5 6 7 |  7.6
Armour         | 1 2 3 4 5 |  5.1
Shapeshifting  | 4 5 6 7 |  7.0
Maces & Flails | 1 2 3 |  3.8

Action                     |  1- 3 |  4- 6 |  7- 9 | 10-12 || total
---------------------------+-------+-------+-------+-------++-------
  Melee: Unarmed           |    75 |   108 |   295 |   124 ||   602
         Punch             |     1 |     2 |     3 |     3 ||     9
         Headbutt          |       |     1 |    53 |    21 ||    75
 Invoke: Heroism           |       |       |     1 |       ||     1
    Use: Scroll            |     6 |     7 |     7 |     1 ||    21
         Potion            |       |     1 |     3 |     8 ||    12
   Stab: Sleeping          |       |     1 |     1 |       ||     2
 Armour: Animal skin       |    32 |    56 |   162 |    92 ||   342
         Skin              |       |       |    24 |       ||    24
  Dodge: Dodged            |    31 |    41 |   189 |   104 ||   365
  Block: Other             |       |       |    77 |    22 ||    99
         Reflection        |       |       |       |     2 ||     2
   Form: Beast             |     1 |       |       |       ||     1

Table legend: (Time is in decaauts)
 A = Elapsed time spent in this place.
 B = Non-inter-level travel time spent in this place.
 C = Inter-level travel time spent in this place.
 D = Time resting spent in this place.
 E = Time spent auto-exploring this place.
 F = Levels seen in this place.
 G = Mean time per level.
                   A        B        C        D        E       F      G
               +--------+--------+--------+--------+--------+-----+--------+
         Total |   6638 |   6312 |    326 |   1224 |   3458 |  10 |  663.8 |
       Dungeon |   6340 |   6014 |    326 |   1224 |   3314 |   9 |  704.4 |
       Ossuary |    298 |    298 |      0 |      0 |    144 |   1 |  298.0 |
               +--------+--------+--------+--------+--------+-----+--------+

Top non-repeatable levels by time:
     D:7: 1645 daAuts
     D:4: 1129 daAuts
     D:3: 930 daAuts
     D:8: 848 daAuts
     D:5: 609 daAuts
     D:1: 453 daAuts
     D:2: 418 daAuts
 Ossuary: 298 daAuts
     D:6: 284 daAuts
     D:9: 21 daAuts
